 Dungeon Crawl Stone Soup version 0.29-a0-317-gd16b76e6b1 (webtiles) character file.

Game seed: 2757998452758661390

322 Dabor the Insei (level 6, 0/69 HPs)
             Began as a Demonspawn Transmuter on Mar 31, 2022.
             Slain by a water moccasin zombie (1 damage)
             ... in an ossuary.
             The game lasted 00:08:47 (5097 turns).

Dabor the Insei (Demonspawn Transmuter)             Turns: 5097, Time: 00:08:47

Health: 0/69       AC: 23    Str: 13    XL:     6   Next: 22%
Magic:  0/10       EV:  2    Int: 14    God:
Gold:   184        SH:  0    Dex: 17    Spells: 8/11 levels left

rFire   . . .      SeeInvis .   o - +2 short sword (freeze)
rCold   . . .      Faith    .   (no shield)
rNeg    . . .      Spirit   +   (body armour currently unavailable)
rPois   +          Reflect  .   (helmet currently unavailable)
rElec   .          Harm     .   (cloak currently unavailable)
rCorr   .          Rampage  .   (gloves currently unavailable)
Will    .....      NoTele   +   (boots currently unavailable)
Stlth   ++++......              c - amulet of guardian spirit
HPRegen 0.21/turn               r - ring of flight
MPRegen 0.12/turn               (no ring)

@: tree-form
A: stationary, stasis, torment immunity, boosted hp, thin skeletal structure 2,
demonic magic 1
a: no special abilities


You were in an ossuary.
You were a tree.
You visited 1 branch of the dungeon, and saw 4 of its levels.
You also visited: Ossuary.

You collected 184 gold pieces.

Inventory:

Hand Weapons
 d - a +2 dagger of pain
 o - a +2 short sword of freezing (weapon)
Missiles
 f - 3 boomerangs (quivered)
Armour
 a - a +1 robe (melded)
 g - a +2 robe of willpower
Jewellery
 c - an amulet of guardian spirit (around neck)
 r - a ring of flight (left branch)
Wands
 p - a wand of acid (7)
Scrolls
 e - 5 scrolls of teleportation
 h - a scroll of blinking
 i - a scroll of vulnerability
 j - a scroll of enchant weapon
 k - a scroll of immolation
 n - a scroll of fear


   Skills:
 + Level 2.9 Fighting
 + Level 3.1 Dodging
 + Level 3.6 Unarmed Combat
 + Level 3.1 Spellcasting
 + Level 3.0 Transmutations


You had 8 spell levels left.
You knew the following spells:

 Your Spells              Type           Power      Damage    Failure   Level
a - Beastly Appendage     Tmut           20%        N/A       6%          1
b - Wereblood             Tmut           10%        N/A       9%          2

Your spell library contained the following spells:

 Spells                   Type           Power      Damage    Failure   Level
 Passwall                 Tmut/Erth      5%         N/A       17%         2
 Sandblast                Erth           4%         2d4       22%         1
 Spider Form              Tmut/Pois      6%         N/A       34%         3
 Ozocubu's Armour         Ice            2%         N/A       54%         3
 Stone Arrow              Conj/Erth      4%         3d7       54%         3
 Ice Form                 Ice/Tmut       6%         N/A       75%         4
 Metabolic Englaciation   Hex/Ice        1%         N/A       99%         5
 Simulacrum               Ice/Necr       1%         N/A       100%        6


Dungeon Overview and Level Annotations

Branches:
Dungeon (4/15)            Ossuary (1/1)
 Temple: D:4-7

Altars:

Shops:
D:4 *


Innate Abilities, Weirdness & Mutations

You are a tree.
Your roots penetrate the ground, keeping you stationary.
You cannot be teleported.
You are immune to unholy pain and torment.
Your maximum health is greatly increased.
Your equipment is partially melded.
You have a moderately thin skeletal structure. (Dex +4, Stealth++)
Spells you cast may paralyse adjacent enemies.


Message History

You howl as the wereblood boils in your veins!
The water moccasin zombie bites you.
* * * LOW HITPOINT WARNING * * *
The water moccasin zombie barely misses you.
The water moccasin zombie attacks as you move away!
The water moccasin zombie bites you but does no damage.
The water moccasin zombie bites you.
* * * LOW HITPOINT WARNING * * *
It was a potion of cancellation.
Your magical effects are unravelling.
You feel magically purged.
You howl as the wereblood boils in your veins!
Your primal bloodlust has ended.
The water moccasin zombie bites you. x2
* * * LOW HITPOINT WARNING * * *
The water moccasin zombie bites you.
* * * LOW HITPOINT WARNING * * *
Really quaff the potion of lignification?
You turn into a tree.
Your +1 robe melds into your body.
Your roots penetrate the ground.
The water moccasin zombie bites you.
* * * LOW HITPOINT WARNING * * *
The water moccasin zombie bites you but does no damage.
You closely miss the water moccasin zombie.
Your punch misses the water moccasin zombie.
The water moccasin zombie is heavily damaged.
The water moccasin zombie bites you but does no damage. x2
You hit the water moccasin zombie.
The water moccasin zombie is heavily damaged.
The water moccasin zombie bites you but does no damage.
The water moccasin zombie bites you.
* * * LOW HITPOINT WARNING * * *
The water moccasin zombie bites you but does no damage.
Okay, then.
Unknown command.
You puncture the water moccasin zombie!
The water moccasin zombie is severely damaged.
The water moccasin zombie bites you.
* * * LOW HITPOINT WARNING * * *
The water moccasin zombie bites you.
You die...

#...#
###'#
#...#
#...#
#...#
#...#
######'##
#...#...#
+.Z♣'...#
#.Z.#...#
#########


You could see 2 water moccasin zombies.

Vanquished Creatures
  A water moccasin zombie (Ossuary)
  Jessica (D:2)
  A mummy (D:4)
  6 adders
  8 gnolls
  An adder zombie (Ossuary)
  A worm (D:2)
  3 orcs (D:3)
  6 ball pythons
  10 endoplasms
  11 goblins
  6 hobgoblins
  5 jackals (D:1)
  A quokka (D:1)
  7 bats
  5 frilled lizards
  A gnoll zombie (Ossuary)
  2 hobgoblin zombies (Ossuary)
  7 kobolds
  2 orc zombies (Ossuary)
  6 rats
91 creatures vanquished.

Notes
Turn   | Place    | Note
-------+----------+-------------------------------------------
     0 | D:1      | Dabor the Demonspawn Transmuter began the quest for the
                  | Orb.
     0 | D:1      | Reached XP level 1. HP: 15/15 MP: 3/3
   154 | D:1      | Gained mutation: Spells you cast may paralyse adjacent
                  | enemies. [demonic ancestry]
   154 | D:1      | Reached XP level 2. HP: 13/21 MP: 3/5
   163 | D:1      | Learned a level 2 spell: Wereblood
  1272 | D:1      | Gained mutation: You have a somewhat thin skeletal
                  | structure. (Dex +2, Stealth+) [demonic ancestry]
  1272 | D:1      | Reached XP level 3. HP: 15/26 MP: 6/6
  1652 | D:2      | Noticed Jessica
  1674 | D:2      | Killed Jessica
  1702 | D:2      | Gained mutation: You have a moderately thin skeletal
                  | structure. (Dex +4, Stealth++) [demonic ancestry]
  1702 | D:2      | Reached XP level 4. HP: 20/33 MP: 5/7
  2369 | D:2      | Reached XP level 5. HP: 38/38 MP: 9/9
  4814 | D:4      | Found Fyron's Lightly-Used Armoury.
  4878 | D:4      | Found a sand-covered staircase.
  4892 | Ossuary  | Entered an ossuary
  5069 | Ossuary  | Reached XP level 6. HP: 40/46 MP: 6/10
  5096 | Ossuary  | HP: 3/69 [water moccasin zombie (1)]
  5097 | Ossuary  | HP: 1/69 [water moccasin zombie (2)]
  5097 | Ossuary  | Slain by a water moccasin zombie

Illustrated notes

Levels and vault maps discovered:
D:1:      amcnicky_arrival_underground_garden, layout_basic,
          minmay_misc_feat_iff
D:2:      layout_basic, uniq_jessica
D:3:      layout_basic, serial_bayou_pond_e
D:4:      layout_loops_ring, grunt_ashenzari_visionary
          [grunt_ashenzari_visionary_swamp, grunt_ashenzari_visionary_snake],
          nicolae_ossuary_entry_giza, kennysheep_doodads, minmay_shop_damaged,
          chequers_serial_rivers_room_b, item_on_display_a
Ossuary:  ossuary_tomb_2

Skill      XL: |  1  2  3  4  5 |
---------------+----------------+-----
Dodging        | 2 3 |  3.1
Transmutations | 2 3 |  3.0
Unarmed Combat | 3 |  3.6
Fighting       | 2 |  2.9
Spellcasting   | 3 |  3.1

Action                   |  1- 3 |  4- 6 || total
-------------------------+-------+-------++-------
Melee: Unarmed           |     9 |       ||     9
       Dagger            |    71 |    94 ||   165
       Kick              |    10 |    19 ||    29
       Headbutt          |     4 |    10 ||    14
       Punch             |     1 |     6 ||     7
       Short sword       |       |    58 ||    58
Throw: Boomerang         |    12 |    31 ||    43
 Cast: Beastly Appendage |    14 |    11 ||    25
       Wereblood         |     2 |     7 ||     9
  Use: Scroll            |       |    10 ||    10
       Potion            |       |     2 ||     2
 Stab: Sleeping          |     2 |    10 ||    12
       Paralysed         |       |     7 ||     7
Armor: Robe              |    12 |    20 ||    32
       Skin              |       |     5 ||     5
Dodge: Dodged            |    27 |    80 ||   107

Table legend: (Time is in decaauts)
 A = Elapsed time spent in this place.
 B = Non-inter-level travel time spent in this place.
 C = Inter-level travel time spent in this place.
 D = Time resting spent in this place.
 E = Time spent auto-exploring this place.
 F = Levels seen in this place.
 G = Mean time per level.
                   A        B        C        D        E       F      G
               +--------+--------+--------+--------+--------+-----+--------+
         Total |   5116 |   4995 |    121 |   1082 |   2995 |   5 | 1023.2 |
       Dungeon |   4909 |   4788 |    121 |    936 |   2995 |   4 | 1227.2 |
       Ossuary |    207 |    207 |      0 |    146 |      0 |   1 |  207.0 |
               +--------+--------+--------+--------+--------+-----+--------+

Top non-repeatable levels by time:
     D:2: 2006 daAuts
     D:1: 1772 daAuts
     D:3: 1052 daAuts
 Ossuary: 207 daAuts
     D:4: 78 daAuts
